 Dungeon Crawl Stone Soup version 0.27-a0-1423-ge5d6b6ab6a (webtiles) character file.

Game seed: 13501421713681530678

35 Froggeryz the Cutter (level 3, -2/26 HPs)
             Began as an Octopode Berserker on July 2, 2021.
             Was a Follower of Trog.
             Slain by a goblin (7 damage)
             ... led by Robin
             ... on level 2 of the Dungeon.
             The game lasted 00:00:35 (1078 turns).

Froggeryz the Cutter (Octopode Berserker)           Turns: 1078, Time: 00:00:36

Health: -2/26      AC:  1    Str: 16    XL:     3   Next: 33%
Magic:  3/3        EV: 13    Int:  9    God:    Trog [*.....]
Gold:   60         SH:  0    Dex: 12    Spells: 2/2 levels left

rFire    . . .     SeeInvis .   a - +0 short sword
rCold    . . .     Faith    .   (no shield)
rNeg     . . .     Spirit   .   (helmet restricted)
rPois    .         Reflect  .   (no amulet)
rElec    .         Harm     .   (no ring)
rCorr    .         Rampage  .   (no ring)
Will     .....                  (no ring)
Stlth    +++.......             (no ring)
HPRegen  0.08/turn              (no ring)
MPRegen  0.08/turn              (no ring)
                                (no ring)
                                (no ring)

@: on berserk cooldown, slowed, very slow
A: almost no armour, amphibious, 8 rings, camouflage 1, gelatinous body 1,
(nimble swimmer 1), tentacles
a: Renounce Religion, Berserk


You were on level 2 of the Dungeon.
You worshipped Trog.
Trog was aware of your devotion.
You visited 1 branch of the dungeon, and saw 2 of its levels.

You collected 60 gold pieces.

Inventory:

Hand Weapons
 a - a +0 short sword (weapon)
Missiles
 i - 13 poisoned darts (quivered)
Jewellery
 g - an amulet of reflection
Scrolls
 b - a scroll of amnesia {unknown}
 e - a scroll of torment {unknown}
 f - a scroll of identify {unknown}
Potions
 c - a potion of heal wounds {unknown}
 d - a potion of flight {unknown}
 h - a potion of berserk rage {unknown}
 j - a potion of brilliance {unknown}


   Skills:
 - Level 3.0 Fighting
 * Level 3.9 Short Blades
 - Level 3.0 Dodging
 + Level 2.2 Stealth


You had 2 spell levels left.
You didn't know any spells.
Your spell library was empty.

Dungeon Overview and Level Annotations

Branches:
Dungeon (2/15)

Altars:


Innate Abilities, Weirdness & Mutations

You cannot wear most types of armour.
You are amphibious.
You can wear up to eight rings at the same time.
Your skin changes colour to match your surroundings (Stealth+).
Your rubbery body absorbs attacks. (AC +1, EV +1)
((You are camouflaged near water. (Stealth+)))
You have tentacles for arms and can constrict up to eight enemies at once.


Message History

You hit the goblin.
You kill the goblin!
Trog accepts your kill.
You constrict the goblin. The goblin hits you with a +0 dagger.
You hit the goblin.
You kill the goblin!
Trog accepts your kill.
A goblin comes into view. It is wielding a +0 club.
Things that are here:
a +0 dagger; a goblin corpse You puncture Robin!
You grab Robin. Your squeeze misses Robin.
Robin is severely wounded.
You constrict Robin, but do no damage. Robin hits you with a +0 club.
You puncture Robin!
You kill Robin!
Trog accepts your kill.
Your Stealth skill increases to level 2!
You have reached level 3!
Your experience leads to an increase in your attributes!
Increase (S)trength, (I)ntelligence, or (D)exterity?
You feel agile. The hobgoblin hits you.
* * * LOW HITPOINT WARNING * * *
Items here: )) [[ ††.
You puncture the hobgoblin!
You kill the hobgoblin!
Trog accepts your kill.
You hit the hobgoblin.
You kill the hobgoblin!
Trog accepts your kill.
The goblin unwields a +0 club.
The goblin wields a +0 hunting sling.
The goblin shoots a stone.
The stone hits you but does no damage.
You feel a strong urge to attack something.
You are no longer berserk.
You are exhausted.
You feel yourself slow down.
The goblin unwields a +0 hunting sling.
The goblin wields a +0 club.
The goblin completely misses you.
You barely miss the goblin. Your grab misses the goblin.
Your squeeze misses the goblin. The goblin hits you with a +0 club!
You die...

#############
......g@.)).#
###########)#
#.# #.#
#.############
#.##.........#
#.##.........#
#............#
########......


You could see a goblin (strong).

Vanquished Creatures
  Robin (D:2)
  5 endoplasms (D:1)
  2 giant cockroaches
  5 goblins
  4 hobgoblins
  A kobold (D:2)
  2 rats (D:1)
20 creatures vanquished.

Notes
Turn   | Place    | Note
-------+----------+-------------------------------------------
     0 | D:1      | Froggeryz the Octopode Berserker began the quest for the
                  | Orb.
     0 | D:1      | Reached XP level 1. HP: 16/16 MP: 1/1
   285 | D:1      | Reached skill level 1 in Stealth
   392 | D:1      | Reached XP level 2. HP: 21/21 MP: 2/2
   418 | D:1      | Found a faded altar of an unknown god.
  1062 | D:2      | Noticed Robin
  1072 | D:2      | Killed Robin
  1073 | D:2      | Reached XP level 3. HP: 13/26 MP: 3/3
  1078 | D:2      | Slain by a goblin

Illustrated notes

Levels and vault maps discovered:
D:1:      beargit_arrival_diablo_church, layout_loops_ring,
          shapermc_ecumenical_altar_notcrosses
D:2:      layout_basic, serial_shops, shop, uniq_robin, uniq_sigmund

Skill      XL: |  1  2 |
---------------+-------+-----
Stealth        | 1 2 |  2.2
Fighting       | |  3.0
Short Blades   | |  3.9
Dodging        | |  3.0

Action                   || total
-------------------------++-------
Melee: Short sword       ||    29
       Tentacles         ||     2
       Constrict         ||     4
Invok: Berserk           ||     1
 Stab: Sleeping          ||     8
Armor: Skin              ||     1
Dodge: Dodged            ||     7

Table legend: (Time is in decaauts)
 A = Elapsed time spent in this place.
 B = Non-inter-level travel time spent in this place.
 C = Inter-level travel time spent in this place.
 D = Time resting spent in this place.
 E = Time spent auto-exploring this place.
 F = Levels seen in this place.
 G = Mean time per level.
                   A        B        C        D        E       F      G
               +--------+--------+--------+--------+--------+-----+--------+
         Total |   1071 |   1042 |     29 |      0 |    945 |   2 |  535.5 |
       Dungeon |   1071 |   1042 |     29 |      0 |    945 |   2 |  535.5 |
               +--------+--------+--------+--------+--------+-----+--------+

Top non-repeatable levels by time:
     D:1: 878 daAuts
     D:2: 192 daAuts
